 Dungeon Crawl Stone Soup version 0.31.0-12-g77e489cdc1 (webtiles) character file.

Game seed: 12462302607252485222

6539 Killerpretzel the Mimic (level 11, -1/75 HPs)
             Began as an Octopode Shapeshifter on Feb 13, 2024.
             Was a Believer of Vehumet.
             Slain by a centaur warrior (2 damage)
             ... on level 13 of the Dungeon on Feb 14, 2024.
             The game lasted 00:35:56 (11310 turns).

Killerpretzel the Mimic (Octopode Shapeshifter)    Turns: 11310, Time: 00:35:57

Health: -1/75      AC:  1    Str: 13    XL:     11   Next: 1%
Magic:  20/20      EV: 17    Int: 13    God:    Vehumet [**....]
Gold:   351        SH:  0    Dex: 16    Spells: 10/10 levels left

rFire   . .          .
                       - Unarmed
rCold   . . .        (no shield)
rNeg    . . .        (helmet currently unavailable)
rPois   .            a - amulet of regeneration
rElec   .            h - ring of resist corrosion
rCorr   +            m - ring of magical power
SInv    .            (no ring)
Will    +....        (no ring)
Stlth   ++           (no ring)
HPRegen 1.12/turn    (no ring)
MPRegen 0.17/turn    (no ring)
                     (no ring)

%: no passive effects
@: beast-form, enlightened, flying
A: beast (slay +4), almost no armour, amphibious, 8 rings, camouflage 1,
gelatinous body 1, (nimble swimmer 1), tentacles
a: Begin Untransformation, Renounce Religion


You were on level 13 of the Dungeon.
You worshipped Vehumet.
Vehumet was pleased with you.
You were a hulking beast.
You visited 3 branches of the dungeon, and saw 14 of its levels.
You also visited: Sewer.

You collected 803 gold pieces.
You spent 452 gold pieces at shops.

Inventory:

Missiles
 o - 5 boomerangs (quivered)
 A - a throwing net
 B - 2 silver javelins
Jewellery
 a - an amulet of regeneration (around mantle)
 h - a ring of resist corrosion (left tentacle)
 m - a ring of magical power (right tentacle)
Talismans
 b - a beast talisman
Wands
 l - a wand of flame (14)
 x - a wand of acid (1)
Scrolls
 c - a scroll of identify
 g - a scroll of fog
 r - a scroll of revelation
Potions
 d - 2 potions of haste
 e - a potion of might {unknown}
 f - 5 potions of curing
 j - 2 potions of brilliance
 k - a potion of enlightenment
 p - 2 potions of degeneration {unknown}
 s - 3 potions of attraction
 t - a potion of invisibility {unknown}


   Skills:
 + Level 7.3 Fighting
 + Level 7.6 Dodging
 + Level 7.9 Unarmed Combat
 * Level 10.0 Shapeshifting


You had 10 spell levels left.
You didn't know any spells.
Your spell library contained the following spells:

 Spells                   Type           Power      Damage    Failure   Level
 Momentum Strike          Conj/Tloc      0%         3d8       43%         2
 Slow                     Hex            0%         N/A       30%         1
 Mercury Vapours          Alch/Air       0%         N/A       43%         2
 Confusing Touch          Hex            0%         N/A       67%         3
 Gell's Gravitas          Tloc           0%         N/A       67%         3
 Mephitic Cloud           Conj/Alch/Air  0%         N/A       67%         3
 Sigil of Binding         Hex            0%         N/A       67%         3
 Teleport Other           Tloc           0%         N/A       67%         3
 Vampiric Draining        Necr           0%         2d6       67%         3
 Freezing Cloud           Conj/Ice/Air   0%         6-21      100%        5
 Dispersal                Tloc           0%         N/A       100%        6


Dungeon Overview and Level Annotations

Branches:
Dungeon (13/15)            Temple (1/1) D:4            Lair (1/5) D:9
  Sewer (visited)
    Orc: D:9-12      Vaults: D:13-14

Altars:
Ashenzari
Cheibriados
Dithmenos
Elyvilon
Fedhas
Gozag
Hepliaklqana
Kikubaaqudgha
Makhleb
Nemelex Xobeh
Okawaru
Qazlal
Ru
Sif Muna
Trog
Uskayaw
Vehumet
Wu Jian
Xom
Yredelemnul
Zin
The Shining One

Shops:
D:2 *   D:7 *   D:8 **   D:13 *

Annotations:
D:4 1 runed translucent door, exclusion: 2 doors, Crazy Yiuf
D:9 exclusion: troll
D:10 exclusion: troll, Urug
D:11 exclusion: 2 doors
D:13 exclusion: centaur warrior


Innate Abilities, Weirdness & Mutations

You are a hulking beast.
Your limbs bulge with bestial killing power. (Slay +4)
You cannot wear most types of armour.
You are amphibious.
You can wear up to eight rings at the same time.
Your skin changes colour to match your surroundings (Stealth+).
Your rubbery body absorbs attacks. (AC +1, EV +1)
((You are camouflaged when in or above water. (Stealth+)))
You have tentacles for arms and can constrict up to eight enemies at once.


Message History

No target in view!
No target in view!
f - 5 potions of curing (gained 2)
You now have 351 gold pieces (gained 16).
A centaur warrior comes into view.
A centaur warrior is nearby!
A centaur warrior is nearby!
Found Taoxe's Mail-Order Catalogue.
There is an entrance to Taoxe's Mail-Order Catalogue here.
You hear the faint crackling of a melting archway nearby.
A centaur warrior comes into view.
The centaur warrior shouts!
The centaur warrior wields a +0 shortbow.
The centaur warrior shoots an arrow.
The arrow misses you.
The centaur warrior shoots an arrow.
The arrow hits you!
The centaur warrior shoots an arrow.
The arrow hits you!!
The centaur warrior shoots an arrow.
The arrow closely misses you.
The centaur warrior shoots an arrow.
The arrow barely misses you.
The centaur warrior shoots an arrow.
The arrow closely misses you.
You tentacle-slap the centaur warrior.
Your squeeze misses the centaur warrior.
The centaur warrior is lightly wounded.
The centaur warrior unwields a +0 shortbow.
The centaur warrior hits you! The centaur warrior kicks you.
You bludgeon the centaur warrior!
Your squeeze misses the centaur warrior.
The centaur warrior is moderately wounded.
The centaur warrior hits you. The centaur warrior kicks you.
The centaur warrior hits you! The centaur warrior kicks you.
You bludgeon the centaur warrior!
The centaur warrior is heavily wounded.
The centaur warrior misses you. The centaur warrior kicks you.
* * * LOW HITPOINT WARNING * * *
It was a potion of enlightenment.
You feel very buoyant.
You fly up into the air.
The centaur warrior hits you!
* * * LOW HITPOINT WARNING * * *
The centaur warrior completely misses you.
The centaur warrior hits you.
You die...

...[c.. #..# .. #.#
......c######..###...
#.#
.....................#
#..
.....................#
#..
...$....####...###...#
#.. ........# #...#
#...# #.. ........#
#...# #...# #..
........# #.c.# #...#
#.. ^.......#
#.h.###...#######..
........#
#..................
#########
###################


You could see a centaur warrior.

Vanquished Creatures
  A two-headed ogre (D:8)
  Maggie (D:6)
  3 trolls
  Sigmund (D:2)
  2 yaks (D:10)
  4 vampire mosquitoes (D:9)
  A steam dragon (D:7)
  3 water moccasins
  An orc warrior (D:8)
  A sky beast (D:8)
  Pargi (Sewer)
  2 ice beasts
  2 wolves (D:9)
  2 ogres
  2 phantoms (D:5)
  5 centaurs
  A kobold brigand (D:7)
  A brain worm (Sewer)
  4 bullfrogs
  2 scorpions
  10 wights
  4 killer bees (D:8)
  A howler monkey (D:8)
  4 electric eels (D:9)
  A jelly (D:6)
  10 hounds
  4 orc priests
  2 iguanas
  Ijyb (D:5)
  6 orc wizards
  4 gnolls
  8 adders
  A shadow imp (D:5)
  2 white imps
  2 ufetubi (D:5)
  3 ribbon worms
  2 dart slugs
  21 orcs
  11 bats
  5 endoplasms
  3 giant cockroaches
  11 goblins
  12 hobgoblins
  4 jackals (D:1)
  11 kobolds
  3 quokkas
  3 ball pythons
  4 frilled lizards
  5 rats
198 creatures vanquished.

Notes
Turn   | Place    | Note
-------+----------+-------------------------------------------
     0 | D:1      | Killerpretzel the Octopode Shapeshifter began the quest for
                  | the Orb.
     0 | D:1      | Reached XP level 1. HP: 13/13 MP: 1/1
    97 | D:1      | Reached XP level 2. HP: 12/18 MP: 2/2
   446 | D:1      | Reached XP level 3. HP: 23/23 MP: 3/3
  1022 | D:2      | Reached XP level 4. HP: 29/29 MP: 4/4
  1034 | D:2      | Found a faded altar of an unknown god.
  1107 | D:2      | Found Gojavi's Assorted Antiques.
  1121 | D:2      | Noticed Sigmund
  1135 | D:2      | Killed Sigmund
  1136 | D:2      | Reached skill level 4 in Shapeshifting
  1136 | D:2      | Reached XP level 5. HP: 35/35 MP: 5/5
  1365 | D:2      | Reached XP level 6. HP: 41/41 MP: 6/6
  2169 | D:3      | Found a bloodstained altar of Trog.
  2173 | D:3      | Found a sacrificial altar of Ru.
  2447 | D:4      | HP: 1/39 [hobgoblin (2)]
  2661 | D:4      | Reached skill level 5 in Shapeshifting
  2893 | D:4      | Reached XP level 7. HP: 35/46 MP: 7/7
  2997 | D:5      | Entered Level 5 of the Dungeon
  3289 | D:4      | Found a staircase to the Ecumenical Temple.
  3301 | Temple   | Entered the Ecumenical Temple
  3313 | Temple   | Became a worshipper of Vehumet
  3529 | D:4      | Found a runed translucent door.
  3530 | D:4      | Noticed Crazy Yiuf
  3952 | D:5      | Reached XP level 8. HP: 46/54 MP: 8/8
  4042 | D:5      | Noticed Ijyb
  4050 | D:5      | Killed Ijyb
  4051 | D:5      | Reached skill level 6 in Shapeshifting
  4205 | D:5      | Reached skill level 5 in Unarmed Combat
  5018 | D:6      | Found a glowing drain.
  5031 | Sewer    | Entered a sewer
  5057 | Sewer    | Reached skill level 5 in Dodging
  5057 | Sewer    | Noticed Pargi
  5066 | Sewer    | Killed Pargi
  5213 | D:6      | Reached skill level 7 in Shapeshifting
  5388 | D:6      | Reached XP level 9. HP: 52/60 MP: 9/9
  5392 | D:6      | Reached skill level 5 in Fighting
  5393 | D:6      | Reached * piety under Vehumet
  5393 | D:6      | Offered knowledge of Sandblast by Vehumet.
  5447 | D:6      | Noticed Maggie
  5812 | D:6      | Killed Maggie
  5907 | D:7      | Found Xothraix's General Store.
  6477 | D:8      | Noticed a two-headed ogre
  6543 | D:7      | Reached skill level 8 in Shapeshifting
  7177 | D:8      | Reached ** piety under Vehumet
  7177 | D:8      | Offered knowledge of Momentum Strike by Vehumet.
  7260 | D:8      | Reached XP level 10. HP: 60/68 MP: 10/10
  7560 | D:8      | Killed a two-headed ogre
  7561 | D:8      | Reached skill level 9 in Shapeshifting
  7753 | D:8      | Found Xuhytt's General Store.
  7755 | D:8      | Found Dohi Feu's Specific Store.
  8543 | D:9      | Found a staircase to the Lair.
  9805 | D:2      | Bought a scroll of identify for 32 gold pieces
  9965 | Lair:1   | Entered Level 1 of the Lair of Beasts
  9991 | Lair:1   | Noticed a boulder beetle
 10184 | D:9      | Found an opulent altar of Gozag.
 10644 | D:7      | Bought an amulet of regeneration for 420 gold pieces
 10897 | D:10     | Entered Level 10 of the Dungeon
 10930 | D:10     | Found a shimmering altar of Xom.
 10933 | D:10     | Noticed Urug
 11008 | D:10     | Reached skill level 10 in Shapeshifting
 11060 | D:11     | Reached XP level 11. HP: 37/75 MP: 11/11
 11171 | D:11     | Noticed a two-headed ogre
 11210 | D:11     | Noticed a cyclops
 11236 | D:11     | You fall into a shaft and drop 2 floors!
 11258 | D:13     | Noticed a centaur warrior
 11281 | D:13     | Found Taoxe's Mail-Order Catalogue.
 11291 | D:13     | Noticed a centaur warrior
 11310 | D:13     | HP: 1/75 [centaur warrior (16)]
 11310 | D:13     | Slain by a centaur warrior

Illustrated notes

Levels and vault maps discovered:
D:1:      scummos_arrival_simple_crosswalls, layout_loops_ring
D:2:      layout_loops_ring, serial_shops, shop,
          shapermc_ecumenical_altar_mp_ritualfount, guppyfry_early_lair_pool,
          uniq_sigmund
D:3:      layout_loops_cross, minitemple
D:4:      layout_cave_pools, minmay_temple_entry_arrows,
          chequers_serial_rivers_micro_a, kennysheep_orc_chapel,
          uniq_crazy_yiuf_cottage
D:5:      layout_gridville, uniq_ijyb
D:6:      layout_rooms, portal_sewer_entry_d, st_stairs_2, uniq_maggie
D:7:      layout_cave_pools, serial_shops, shop
D:8:      layout_loops_corners, nicolae_specific_store
D:9:      layout_big_octagon, grunt_gozag_breadcrumbs, erik_lair_island
D:10:     layout_roguey, xom_butterflies, minmay_fractal_squares_gapless_5,
          uniq_urug
D:11:     layout_stronghold, serial_shops, nicolae_shop_crystal, uniq_nergalle,
          uniq_josephine
D:13:     layout_small_grid, portal_ice_cave_entry_pillars_2,
          gammafunk_ghost_necromancy, monkooky_shop_mail_order, uniq_sonja
Temple:   regret_index_temple_chain_breaker
Lair:1:   layout_hall_layers, nzn_sisyphean_effort, uniq_joseph, uniq_harold,
          uniq_erica

Skill      XL: |  1  2  3  4  5  6  7  8  9 10 |
---------------+-------------------------------+-----
Fighting       | 2 3 4 6 7 |  7.3
Dodging        | 3 4 5 6 7 |  7.6
Shapeshifting  | 4 5 7 8 10 | 10.0
Unarmed Combat | 4 5 6 7 |  7.9

Action                     |  1- 3 |  4- 6 |  7- 9 | 10-12 || total
---------------------------+-------+-------+-------+-------++-------
  Melee: Unarmed           |    63 |    87 |   247 |   134 ||   531
         Constrict         |    19 |    23 |    53 |    17 ||   112
         Tentacles         |     6 |    21 |    71 |    32 ||   130
         Punch             |     2 |     3 |    11 |     9 ||    25
  Throw: Boomerang         |       |       |       |     4 ||     4
         Javelin           |       |       |       |     3 ||     3
  Evoke: Wand              |       |       |     5 |     1 ||     6
    Use: Scroll            |     1 |     6 |     8 |     7 ||    22
         Potion            |       |     1 |     3 |     8 ||    12
   Stab: Sleeping          |     7 |     3 |     8 |     1 ||    19
         Distracted        |       |       |     1 |       ||     1
 Armour: Skin              |    16 |    42 |   123 |   159 ||   340
  Dodge: Dodged            |    38 |    49 |   168 |    88 ||   343
